 Dungeon Crawl Stone Soup version 0.24.0-123-gd5b16e6ec5 (webtiles) character file.

Game seed: 5101855142701858164, levelgen mode: deterministic

2923 levadok the Thaumaturge (level 9, -4/51 HPs)
             Began as an Octopode Fire Elementalist on Dec 26, 2019.
             Was an Initiate of Vehumet.
             Killed by nerve-wracking pain
             ... invoked by a shadow imp
              (9 damage)
             ... on level 8 of the Dungeon.
             The game lasted 00:27:00 (9339 turns).

levadok the Thaumaturge (OpFE)                      Turns: 9339, Time: 00:27:01

Health: -4/51      AC:  1    Str:  7      XL:     9   Next: 79%
Magic:  0/21       EV: 13    Int: 20      God:    Vehumet [......]
Gold:   339        SH:  0    Dex: 11 (13) Spells: 11/24 levels left

rFire    . . .     SeeInvis .   w - staff of wizardry
rCold    . . .     Gourm    .   (no shield)
rNeg     . . .     Faith    .   (helmet restricted)
rPois    .         Spirit   .   p - amulet of regeneration
rElec    .         Reflect  .   f - ring of resist corrosion
rCorr    +         Harm     .   (no ring)
MR       .....                  (no ring)
Stlth    +++.......             (no ring)
HPRegen  0.57/turn              (no ring)
MPRegen  0.17/turn              (no ring)
                                (no ring)
                                (no ring)

@: no status effects
A: almost no armour, stealthy swim, amphibious, 8 rings, constrict 8, camouflage
1, gelatinous body 1
a: Renounce Religion


You were on level 8 of the Dungeon.
You worshipped Vehumet.
Vehumet was noncommittal.
You were not hungry.

You visited 2 branches of the dungeon, and saw 9 of its levels.

You collected 429 gold pieces.
You spent 90 gold pieces at shops.

Inventory:

Hand Weapons
 F - a +2 quarterstaff of chaos
Missiles
 e - 178 arrows
 g - 49 poisoned darts (quivered)
 l - 204 stones
 m - 2 atropa-tipped darts
 o - 82 bolts
 v - 32 sling bullets
Magical Staves
 w - an uncursed staff of wizardry (weapon)
Jewellery
 f - a ring of resist corrosion (left tentacle)
 p - an amulet of regeneration (around mantle)
Wands
 r - a wand of digging (6)
 y - a wand of scattershot (3)
 B - a wand of disintegration (17)
Scrolls
 d - 4 scrolls of enchant armour
 i - a scroll of immolation {unknown}
 j - 3 scrolls of identify {unknown}
 n - 2 scrolls of blinking
 q - a scroll of fear {unknown}
 s - a scroll of enchant weapon {unknown}
 t - 2 scrolls of amnesia
 u - 3 scrolls of teleportation
 A - 2 scrolls of remove curse {unknown}
 C - a scroll of fog {unknown}
 D - a scroll of magic mapping {unknown}
Potions
 a - 2 potions of agility
 c - a potion of curing
 h - 2 potions of resistance {unknown}
 k - 3 potions of degeneration {unknown}
 x - a potion of berserk rage {unknown}
 z - 2 potions of flight {unknown}
 E - a potion of mutation {unknown}
Comestibles
 b - 14 rations


   Skills:
 - Level 2.0 Dodging
 - Level 2.6 Stealth
 * Level 8.2 Spellcasting
 + Level 7.5 Conjurations
 + Level 7.2 Fire Magic


You had 11 spell levels left.
You knew the following spells:

 Your Spells              Type           Power        Failure   Level  Hunger
a - Flame Tongue          Conj/Fire      #####        1%          1    None
b - Conjure Flame         Conj/Fire      #####...     1%          3    None
c - Sticky Flame          Conj/Fire      #####...     1%          4    ###....
d - Fireball              Conj/Fire      #####.....   4%          5    #####..

Your spell library contained the following spells:

 Spells                   Type           Power        Failure   Level  Hunger
 Throw Flame              Conj/Fire      #####.       1%          2    None
 Inner Flame              Hex/Fire       ###.....     2%          3    None
 Confusing Touch          Hex            #.....       3%          1    None
 Confuse                  Hex            #.......     11%         3    None
 Gell's Gravitas          Tloc           #.........   11%         3    None
 Petrify                  Tmut/Erth      #.......     32%         4    ###....
 Metabolic Englaciation   Hex/Ice        #.........   65%         5    #####..
 Yara's Violent Unravell  Hex/Tmut       #.........   65%         5    #####..


Dungeon Overview and Level Annotations

Branches:
Dungeon (8/15)             Temple (1/1) D:7
   Lair: D:8-11

Altars:
Ashenzari
Cheibriados
Dithmenos
Elyvilon
Fedhas
Hepliaklqana
Kikubaaqudgha
Makhleb
Nemelex Xobeh
Okawaru
Qazlal
Ru
Sif Muna
Trog
Uskayaw
Vehumet
Wu Jian
Xom
Yredelemnul
The Shining One

Shops:
D:7 %(**

Annotations:
D:3 2 transporters, Nilihum's ghost, weakling OpTm


Innate Abilities, Weirdness & Mutations

You cannot wear most types of armour.
You are very stealthy in the water. (Stealth+)
You are amphibious.
You can wear up to eight rings at the same time.
You can use your tentacles to constrict eight enemies at once.
Your skin changes colour to match your surroundings (Stealth+).
Your rubbery body absorbs attacks. (AC +1, EV +1)


Message History

Press: ? - help, Shift-Dir - straight line, f/p - shadow imp
Aim: a shadow imp (severely wounded)
The flame tongue hits the shadow imp but does no damage.
The shadow imp is severely wounded.
The shadow imp gestures at you. Pain shoots through your body!
* * * LOW HITPOINT WARNING * * *
The shadow imp gestures at you.
You struggle to resist.
The big kobold shouts!
You hear a shout!
Casting: Flame Tongue (safe; 1% risk of failure)
Confirm with . or Enter, or press ? or * to list all spells.
Aiming: Flame Tongue (safe; 1% risk of failure)
Press: ? - help, Shift-Dir - straight line, f/p - shadow imp
Aim: a shadow imp (severely wounded)
The flame tongue hits the shadow imp.
The shadow imp is almost dead.
The shadow imp gestures at you. Pain shoots through your body!
You die...

#.......# #.#### #
#.......# ###>#####.#
##.......# #.........#
#........####.#.#......
#..........#.#.####.
##..###.#.###..#......#
#.........K.....5#.##...
...........##..#.#.####.
).....#K#####...@.......
...##.#.# #.##)#######
.. ..K.. ...##)# .
t....# ######.# .....##
###.# #####K ##.#.#
#....# ##.### #.#


You could see a big kobold and a shadow imp.

Vanquished Creatures
  Pikel (D:6)
  Prince Ribbit (D:5)
  A hungry ghost (D:8)
  3 slaves (D:6)
  3 phantoms
  3 ogres
  3 centaurs
  A big kobold (D:7)
  A crocodile (D:8)
  4 bullfrogs
  A wyvern skeleton (D:7)
  2 scorpions (D:8)
  A crimson imp (D:5)
  A quasit (D:8)
  2 bullfrog skeletons
  Crazy Yiuf (D:7)
  3 hounds
  2 orc wizards
  2 centaur skeletons
  2 orc priests
  2 iguanas (D:5)
  3 worker ants (D:4)
  A hound skeleton (D:6)
  Robin (D:2)
  2 worker ant zombies
  7 gnolls
  5 adders
  2 shadow imps
  An adder zombie (D:4)
  An adder skeleton (D:5)
  6 worms
  2 dart slugs
  5 leopard geckos
  9 orcs
  2 ball pythons
  5 giant cockroaches
  15 goblins
  11 hobgoblins
  4 jackals (D:6)
  3 quokkas
  6 bats
  6 frilled lizards
  14 kobolds
  A leopard gecko zombie (D:5)
  A quokka zombie (D:7)
  5 rats
158 creatures vanquished.

Notes
Turn   | Place    | Note
-------+----------+-------------------------------------------
     0 | D:1      | levadok the Octopode Fire Elementalist began the quest for
                  | the Orb.
     0 | D:1      | Reached XP level 1. HP: 11/11 MP: 3/3
   557 | D:1      | Reached XP level 2. HP: 17/17 MP: 3/5
  1425 | D:2      | Reached XP level 3. HP: 21/21 MP: 4/6
  1430 | D:2      | Learned a level 3 spell: Conjure Flame
  1688 | D:2      | Found a blossoming altar of Fedhas.
  1853 | D:2      | Reached XP level 4. HP: 18/27 MP: 2/7
  1951 | D:2      | Learned a level 4 spell: Sticky Flame
  2772 | D:3      | Noticed Robin
  2943 | D:2      | Killed Robin
  2943 | D:2      | Reached XP level 5. HP: 30/31 MP: 3/9
  3111 | D:3      | Found a stormy altar of Qazlal.
  3588 | D:2      | Reached skill level 3 in Spellcasting
  3726 | D:3      | Found a transporter.
  3726 | D:3      | Noticed Nilihum's ghost (weakling OpTm)
  3737 | D:3      | Found a transporter.
  3737 | D:3      | Noticed a necrophage
  3795 | D:3      | Found a faded altar of an unknown god.
  4032 | D:4      | Reached XP level 6. HP: 34/36 MP: 2/10
  4837 | D:4      | Reached XP level 7. HP: 36/41 MP: 9/12
  4939 | D:4      | Reached skill level 5 in Conjurations
  5054 | D:4      | Reached skill level 4 in Spellcasting
  5364 | D:4      | Reached skill level 5 in Fire Magic
  5376 | D:4      | Learned a level 5 spell: Fireball
  5605 | D:5      | Entered Level 5 of the Dungeon
  5722 | D:5      | Reached skill level 5 in Spellcasting
  5722 | D:5      | Reached XP level 8. HP: 46/46 MP: 11/15
  6024 | D:5      | Noticed Prince Ribbit
  6030 | D:5      | Killed Prince Ribbit
  6092 | D:5      | Found a hazy altar of Hepliaklqana.
  6760 | D:6      | Reached skill level 6 in Spellcasting
  7135 | D:6      | Noticed Pikel
  7153 | D:6      | Killed Pikel
  7153 | D:6      | Reached skill level 7 in Spellcasting
  7153 | D:6      | Reached XP level 9. HP: 51/51 MP: 13/19
  7513 | D:7      | Found Leidgh's General Store.
  7524 | D:7      | Bought a potion of agility for 52 gold pieces
  7604 | D:7      | Found a runed translucent door.
  7605 | D:7      | Noticed Crazy Yiuf
  7648 | D:7      | Found Ysecoagh's Weapon Shoppe.
  7814 | D:7      | Found Limah's General Store.
  7818 | D:7      | Bought a scroll of amnesia for 38 gold pieces
  8153 | D:7      | Found Migeran's Food Emporium.
  8215 | D:7      | Found a staircase to the Ecumenical Temple.
  8242 | Temple   | Entered the Ecumenical Temple
  8254 | Temple   | Became a worshipper of Vehumet
  8887 | D:7      | Paralysed by Crazy Yiuf for 5 turns
  8892 | D:7      | Killed Crazy Yiuf
  9244 | D:8      | Reached skill level 8 in Spellcasting
  9339 | D:8      | Killed from afar by a shadow imp

Levels and vault maps discovered:
D:1:      eino_arrival_druids_welcome, layout_basic
D:2:      minmay_evil_eye, layout_basic, overflow_temple_1_default,
          grunt_ministairs_11, st_stairs_9
D:3:      layout_rooms, first_ration, chequers_ecumenical_altar_island,
          gammafunk_ghost_mausoleum, st_stairs_13, dk_noncrumbling_4,
          grunt_qazlal_sundering, uniq_robin
D:4:      layout_loops_ring
D:5:      layout_gridville, lemuel_round_altar, minmay_misc_feat_columns,
          uniq_prince_ribbit1
D:6:      layout_basic, uniq_pikel
D:7:      layout_layer_cave, minmay_temple_entry_poolview, serial_shops,
          nicolae_shop_temple_entry_statues_fountains,
          nicolae_shop_behind_doors, nicolae_shop_competitors_out_of_business,
          shop_fountains, uniq_crazy_yiuf_cottage
D:8:      layout_loops_cross, overflow_temple_1_default, zin_statuary,
          dpeg_oklobed_lair, serial_shops, shop, hangedman_ranch
          [blue_anna_fruit_fields], uniq_erica
Temple:   nicolae_temple_no_exploring_needed

Skill      XL: |  1  2  3  4  5  6  7  8  9 |
---------------+----------------------------+-----
Conjurations   | 2 3 4 5 6 7 |  7.5
Spellcasting   | 3 5 7 8 |  8.2
Fire Magic     | 4 5 6 7 |  7.2
Dodging        | |  2.0
Stealth        | |  2.6

Action                   |  1- 3 |  4- 6 |  7- 9 || total
-------------------------+-------+-------+-------++-------
Melee: Short sword       |    21 |       |       ||    21
       Constrict         |     7 |     9 |     6 ||    22
       Tentacles         |     3 |     7 |     3 ||    13
       Halberd           |       |    44 |    56 ||   100
       Staff             |       |       |     8 ||     8
Throw: Dart              |       |       |    15 ||    15
 Cast: Flame Tongue      |    51 |   113 |   129 ||   293
       Sticky Flame      |       |     3 |    25 ||    28
       Conjure Flame     |       |     5 |     7 ||    12
  Use: Scroll            |       |       |     3 ||     3
 Stab: Sleeping          |       |     2 |     2 ||     4
       Distracted        |       |       |     1 ||     1
  Eat: Chunk             |     3 |    11 |    16 ||    30
       Ration            |       |       |     1 ||     1
Armor: Skin              |     4 |    13 |    12 ||    29
Dodge: Dodged            |    28 |    62 |    64 ||   154
